NCAA
CONNECTICUT HUSKIES @ OREGON STATE BEAVERS
04/02/2030
 
TOP OF THE 1ST
Connecticut Huskies batting - Pitching for Oregon State Beavers : RHP Brendan Lee
Pitching: RHP Brendan Lee
Batting: RHB Ron Frost 0-0: Foul Ball, location: 2F
0-1: Called Strike
0-2: Ball
1-2: Ball
2-2: Foul Ball, location: 2F
2-2: Strikes out swinging
Batting: RHB Eric Vaughn 0-0: Called Strike
0-1: Ball
1-1: Foul Ball, location: 2F
1-2: Foul Ball, location: 2F
1-2: Foul Ball, location: 2F
1-2: Strikes out swinging
Batting: RHB Phil Gabriel 0-0: Fly out, F7 (Line Drive, 78D)
Top of the 1st over - 0 runs, 0 hits, 0 errors, 0 left on base; Connecticut 0 - Oregon State 0
BOTTOM OF THE 1ST
Oregon State Beavers batting - Pitching for Connecticut Huskies : LHP Brett Wakeley
Pitching: LHP Brett Wakeley
Batting: LHB Fernando García 0-0: Swinging Strike
0-1: Ball
1-1: Called Strike
1-2: Strikes out swinging
Batting: RHB Bert Smith 0-0: Ball
1-0: Foul Ball, location: 2F
1-1: Ball
2-1: Ground out U3 (Groundball, 34)
Batting: RHB Michael Kissinger 0-0: Swinging Strike
0-1: Foul Ball, location: 2F
0-2: Foul Ball, location: 2F
0-2: Ball
1-2: Strikes out swinging
Bottom of the 1st over - 0 runs, 0 hits, 0 errors, 0 left on base; Connecticut 0 - Oregon State 0
TOP OF THE 2ND
Connecticut Huskies batting - Pitching for Oregon State Beavers : RHP Brendan Lee
Batting: LHB Roberto Martínez 0-0: Called Strike
0-1: Ball
1-1: Called Strike
1-2: Ball
2-2: Fly out, F6 (Popup, 6M)
Batting: RHB Anthony Payton 0-0: Ball
1-0: Swinging Strike
1-1: Ball
2-1: Foul Ball, location: 2F
2-2: Ball
3-2: Strikes out looking
Batting: LHB Garth Gallegos 0-0: Swinging Strike
0-1: Ball
1-1: Ground out 4-3 (Groundball, 4)
Top of the 2nd over - 0 runs, 0 hits, 0 errors, 0 left on base; Connecticut 0 - Oregon State 0
BOTTOM OF THE 2ND
Oregon State Beavers batting - Pitching for Connecticut Huskies : LHP Brett Wakeley
Batting: SHB Brandon Hathaway 0-0: Called Strike
0-1: Ball
1-1: Ball
2-1: Ball
3-1: Called Strike
3-2: Foul Ball, location: 2F
3-2: Base on Balls
Batting: LHB Guillermo Peña 0-0: Fly out, F4 (Popup, 4M)
Batting: RHB Julius Sears 0-0: Swinging Strike
0-1: Swinging Strike
0-2: Strikes out swinging
Batting: LHB Dave Olsen 0-0: Ball
1-0: Ball
2-0: Called Strike
2-1: SINGLE (Groundball, 3D)
Brandon Hathaway to second
Runner from 2nd tries for 3rd, SAFE, no throw
Batting: LHB Drew Morris 0-0: Ball
1-0: Called Strike
1-1: Swinging Strike
1-2: Strikes out swinging
Bottom of the 2nd over - 0 runs, 1 hit, 0 errors, 2 left on base; Connecticut 0 - Oregon State 0
TOP OF THE 3RD
Connecticut Huskies batting - Pitching for Oregon State Beavers : RHP Brendan Lee
Batting: RHB Jeremy Day 0-0: Called Strike
0-1: Fly out, F9 (Flyball, 9D)
Batting: RHB Andrés Padilla 0-0: Ball
1-0: Called Strike
1-1: Ball
2-1: Foul Ball, location: 2F
2-2: Ground out 6-3 (Groundball, 6)
Batting: SHB José Ramírez 0-0: Ground out 6-3 (Groundball, 6M)
Top of the 3rd over - 0 runs, 0 hits, 0 errors, 0 left on base; Connecticut 0 - Oregon State 0
BOTTOM OF THE 3RD
Oregon State Beavers batting - Pitching for Connecticut Huskies : LHP Brett Wakeley
Batting: RHB Ray Picot 0-0: SINGLE (Flyball, 9LS)
Batting: LHB Fernando García 0-0: Ball
1-0: Swinging Strike
1-1: Swinging Strike
1-2: Ball
2-2: Foul Ball, location: 2F
2-2: Foul Ball, location: 2F
2-2: Ball
3-2: Foul Ball, location: 2F
3-2: Base on Balls
Ray Picot to second
Batting: RHB Bert Smith 0-0: Ball
1-0: Swinging Strike
1-1: Swinging Strike
1-2: SINGLE (Groundball, 56D)
Ray Picot to third
Fernando García to second
Batting: RHB Michael Kissinger 0-0: Called Strike
0-1: Foul Ball, location: 2F
0-2: Foul Ball, location: 2F
0-2: DOUBLE (Line Drive, 9LS)
Ray Picot scores
Fernando García scores
Bert Smith to third
Batting: SHB Brandon Hathaway 0-0: Ball
1-0: SINGLE (Flyball, 8RM)
Bert Smith scores
Michael Kissinger to third
Runner from 3rd tries for Home, SAFE, no throw
Batting: LHB Guillermo Peña 0-0: Ball
1-0: Ball
2-0: Fly out, F9 (Line Drive, 89D)
Batting: RHB Julius Sears 0-0: Foul Ball, location: 2F
0-1: Ball
1-1: Ball
2-1: Called Strike
2-2: Foul Ball, location: 2F
2-2: Strikes out swinging
Batting: LHB Dave Olsen 0-0: Ball
1-0: Called Strike
1-1: SINGLE (Line Drive, 9S)
Brandon Hathaway to second
Batting: LHB Drew Morris 0-0: Ball
1-0: Foul Ball, location: 2F
1-1: Called Strike
1-2: SINGLE (Groundball, 3D)
Brandon Hathaway to third
Dave Olsen to second
Runner from 3rd tries for Home, SAFE, no throw
Pitching: RHP Jeff Thomas
Batting: RHB Ray Picot 0-0: Foul Ball, location: 2F
0-1: Swinging Strike
0-2: Ball
1-2: Ball
2-2: Strikes out swinging
Bottom of the 3rd over - 5 runs, 6 hits, 0 errors, 2 left on base; Connecticut 0 - Oregon State 5
TOP OF THE 4TH
Connecticut Huskies batting - Pitching for Oregon State Beavers : RHP Brendan Lee
Batting: RHB Ron Frost 0-0: Called Strike
0-1: Ball
1-1: Foul Ball, location: 2F
1-2: Ball
2-2: SINGLE (Line Drive, 6MD)
Batting: RHB Eric Vaughn 0-0: Foul Ball, location: 2F
0-1: Ball
1-1: Ball
2-1: Ball
Ron Frost steals 2nd base
3-1: Ground out 5-3 (Groundball, 56)
Batting: RHB Phil Gabriel 0-0: Called Strike
0-1: Ball
1-1: Swinging Strike
1-2: Foul Ball, location: 2F
1-2: Ball
2-2: Foul Ball, location: 2F
2-2: Ground out 6-3 (Groundball, 6)
Ron Frost to third
Batting: LHB Roberto Martínez 0-0: Called Strike
0-1: Fly out, F8 (Flyball, 8RD)
Top of the 4th over - 0 runs, 1 hit, 0 errors, 1 left on base; Connecticut 0 - Oregon State 5
BOTTOM OF THE 4TH
Oregon State Beavers batting - Pitching for Connecticut Huskies : RHP Jeff Thomas
Batting: LHB Fernando García 0-0: Called Strike
0-1: Ball
1-1: SINGLE (Flyball, 7LS)
Batting: RHB Bert Smith 0-0: Called Strike
0-1: Ball
1-1: SINGLE (Line Drive, 8RS)
Fernando García to second
Runner from 2nd tries for 3rd, SAFE, no throw
Batting: RHB Michael Kissinger 0-0: Called Strike
0-1: Ball
1-1: Foul Ball, location: 2F
1-2: Strikes out looking
Batting: SHB Brandon Hathaway 0-0: Ball
1-0: Ball
2-0: Ball
3-0: Base on Balls
Bert Smith to second
Batting: LHB Guillermo Peña 0-0: Grounds into double play, 2-2-3 (Groundball, 2L)
Bottom of the 4th over - 0 runs, 2 hits, 0 errors, 2 left on base; Connecticut 0 - Oregon State 5
TOP OF THE 5TH
Connecticut Huskies batting - Pitching for Oregon State Beavers : RHP Brendan Lee
Batting: RHB Anthony Payton 0-0: Called Strike
0-1: Foul Ball, location: 2F
0-2: Strikes out swinging
Batting: LHB Garth Gallegos 0-0: Ground out 3-1 (Groundball, 34)
Batting: RHB Jeremy Day 0-0: Ball
1-0: Foul Ball, location: 2F
1-1: Swinging Strike
1-2: Ball
2-2: Fly out, F4 (Popup, 4S)
Top of the 5th over - 0 runs, 0 hits, 0 errors, 0 left on base; Connecticut 0 - Oregon State 5
BOTTOM OF THE 5TH
Oregon State Beavers batting - Pitching for Connecticut Huskies : RHP Jeff Thomas
Batting: RHB Julius Sears 0-0: Called Strike
0-1: SINGLE (Line Drive, 78M)
Batting: LHB Dave Olsen 0-0: Ball
1-0: Ball
2-0: Foul Ball, location: 2F
2-1: Ball
3-1: Fly out, F7 (Flyball, 7S)
Batting: LHB Drew Morris 0-0: Swinging Strike
0-1: Called Strike
0-2: Ball
1-2: Foul Ball, location: 2F
1-2: Foul Ball, location: 2F
1-2: Ball
2-2: Foul Ball, location: 2F
2-2: Foul Ball, location: 2F
2-2: Ball
3-2: Base on Balls
Julius Sears to second
Batting: RHB Ray Picot 0-0: Ball
1-0: SINGLE (Groundball, 56D)
Julius Sears to third
Drew Morris to second
Batting: LHB Fernando García 0-0: Called Strike
0-1: Called Strike
0-2: Ball
1-2: Ball
2-2: Ball
3-2: Foul Ball, location: 2F
3-2: Base on Balls
Julius Sears scores
Drew Morris to third
Ray Picot to second
Batting: RHB Bert Smith 0-0: Called Strike
0-1: Ball
1-1: Swinging Strike
1-2: Grounds into double play, 3-6-3 (Groundball, 34)
Bottom of the 5th over - 1 run, 2 hits, 0 errors, 2 left on base; Connecticut 0 - Oregon State 6
TOP OF THE 6TH
Connecticut Huskies batting - Pitching for Oregon State Beavers : RHP Brendan Lee
Batting: RHB Andrés Padilla 0-0: Ball
1-0: Ball
2-0: Called Strike
2-1: SINGLE (Line Drive, 7LS)
Batting: SHB José Ramírez 0-0: Swinging Strike
0-1: Ball
1-1: Swinging Strike
1-2: Ball
2-2: Strikes out swinging
Batting: RHB Ron Frost 0-0: Ball
1-0: Called Strike
1-1: Ball
2-1: Foul Ball, location: 2F
2-2: Foul Ball, location: 2F
2-2: Grounds into double play, 5-4-3 (Groundball, 56)
Top of the 6th over - 0 runs, 1 hit, 0 errors, 0 left on base; Connecticut 0 - Oregon State 6
BOTTOM OF THE 6TH
Oregon State Beavers batting - Pitching for Connecticut Huskies : RHP Jeff Thomas
Batting: RHB Michael Kissinger 0-0: Ball
1-0: Foul Ball, location: 2F
1-1: Foul Ball, location: 2F
1-2: Ground out 6-3 (Groundball, 6)
Batting: SHB Brandon Hathaway 0-0: Ball
1-0: Ball
2-0: Foul Ball, location: 2F
2-1: Swinging Strike
2-2: Ball
3-2: Base on Balls
Batting: LHB Guillermo Peña 0-0: Ball
1-0: Called Strike
1-1: Fly out, F7 (Flyball, 78M)
Batting: RHB Julius Sears 0-0: SINGLE (Groundball, 6D)
Brandon Hathaway to second
Batting: LHB Dave Olsen 0-0: Ball
1-0: Ball
2-0: Ball
3-0: Base on Balls
Brandon Hathaway to third
Julius Sears to second
Batting: LHB Drew Morris 0-0: Ball
1-0: Ball
2-0: Ball
3-0: Base on Balls
Brandon Hathaway scores
Julius Sears to third
Dave Olsen to second
Batting: RHB Ray Picot 0-0: Called Strike
0-1: Fly out, F7 (Flyball, 7)
Bottom of the 6th over - 1 run, 1 hit, 0 errors, 3 left on base; Connecticut 0 - Oregon State 7
TOP OF THE 7TH
Connecticut Huskies batting - Pitching for Oregon State Beavers : RHP Brendan Lee
Batting: RHB Eric Vaughn 0-0: Ball
1-0: Foul Ball, location: 2F
1-1: Ball
2-1: DOUBLE (Line Drive, 7LD)
Pitching: LHP António González
Batting: RHB Phil Gabriel 0-0: Called Strike
0-1: Ball
1-1: Foul Ball, location: 2F
1-2: Ball
2-2: Fly out, F7 (Flyball, 78M)
Batting: LHB Roberto Martínez 0-0: Swinging Strike
0-1: Ball
1-1: Ball
2-1: Foul Ball, location: 2F
2-2: Foul Ball, location: 2F
2-2: Ball
3-2: Foul Ball, location: 2F
3-2: Base on Balls
Batting: RHB Anthony Payton 0-0: Ball
1-0: Swinging Strike
1-1: Swinging Strike
1-2: Ball
2-2: Foul Ball, location: 2F
2-2: Foul Ball, location: 2F
2-2: Strikes out swinging
Batting: LHB Garth Gallegos 0-0: Ball
1-0: Ball
2-0: Ball
3-0: Called Strike
3-1: Base on Balls
Eric Vaughn to third
Roberto Martínez to second
Batting: RHB Jeremy Day 0-0: Swinging Strike
0-1: Called Strike
0-2: Ball
1-2: Foul Ball, location: 2F
1-2: Ball
2-2: Foul Ball, location: 2F
2-2: Fly out, F9 (Line Drive, 9)
Top of the 7th over - 0 runs, 1 hit, 0 errors, 3 left on base; Connecticut 0 - Oregon State 7
BOTTOM OF THE 7TH
Oregon State Beavers batting - Pitching for Connecticut Huskies : RHP Jeff Thomas
Pitching: RHP Sean Fox
Batting: LHB Fernando García 0-0: Ball
1-0: Ball
2-0: Foul Ball, location: 2F
2-1: Swinging Strike
2-2: Strikes out looking
Batting: RHB Bert Smith 0-0: Ball
1-0: Called Strike
1-1: Foul Ball, location: 2F
1-2: Foul Ball, location: 2F
1-2: Ball
2-2: Strikes out swinging
Batting: RHB Michael Kissinger 0-0: Called Strike
0-1: Swinging Strike
0-2: Strikes out swinging
Bottom of the 7th over - 0 runs, 0 hits, 0 errors, 0 left on base; Connecticut 0 - Oregon State 7
TOP OF THE 8TH
Connecticut Huskies batting - Pitching for Oregon State Beavers : LHP António González
Batting: RHB Andrés Padilla 0-0: Called Strike
0-1: Ball
1-1: Foul Ball, location: 2F
1-2: Ground out 6-3 (Groundball, 6)
Batting: SHB José Ramírez 0-0: Ball
1-0: Called Strike
1-1: Called Strike
1-2: Ball
2-2: SINGLE (Groundball, 6) (infield hit)
Batting: RHB Ron Frost 0-0: Called Strike
0-1: Ball
1-1: Foul Ball, location: 2F
1-2: Foul Ball, location: 2F
1-2: Ball
2-2: Strikes out swinging
Batting: RHB Eric Vaughn 0-0: Ball
1-0: Called Strike
1-1: Swinging Strike
1-2: Ball
2-2: Foul Ball, location: 2F
2-2: Foul Ball, location: 2F
2-2: Ball
3-2: Base on Balls
José Ramírez to second
Batting: RHB Phil Gabriel 0-0: Called Strike
0-1: Fly out, F8 (Flyball, 8RS)
Top of the 8th over - 0 runs, 1 hit, 0 errors, 2 left on base; Connecticut 0 - Oregon State 7
BOTTOM OF THE 8TH
Oregon State Beavers batting - Pitching for Connecticut Huskies : RHP Sean Fox
Batting: SHB Brandon Hathaway 0-0: Ball
1-0: Ball
2-0: Called Strike
2-1: Ball
3-1: Base on Balls
Batting: LHB Guillermo Peña 0-0: Foul Ball, location: 2F
0-1: Foul Ball, location: 2F
0-2: Foul Ball, location: 2F
0-2: Fly out, F8 (Flyball, 8LM)
Batting: RHB Julius Sears 0-0: Fly out, F9 (Flyball, 9D)
Batting: LHB Dave Olsen 0-0: Called Strike
0-1: SINGLE (Line Drive, 89S)
Brandon Hathaway to second
Pinch Hitting: SHB Lewis Marks 0-0: Hit by Pitch
Brandon Hathaway to third
Dave Olsen to second
Batting: RHB Ray Picot 0-0: Fielders Choice at 2nd, 5-4 (Groundball, 56)
Bottom of the 8th over - 0 runs, 1 hit, 0 errors, 3 left on base; Connecticut 0 - Oregon State 7
TOP OF THE 9TH
Connecticut Huskies batting - Pitching for Oregon State Beavers : LHP António González
Now at 1B: Wallace Harris
Now in LF: Ed Edmonds
Now in RF: Lewis Marks
Batting: LHB Roberto Martínez 0-0: Called Strike
0-1: Ball
1-1: Ball
2-1: Ground out 6-3 (Groundball, 6M)
Batting: RHB Anthony Payton 0-0: Ball
1-0: Ball
2-0: SINGLE (Line Drive, 89S)
Pitching: LHP Vincent Pitts
Batting: LHB Garth Gallegos 0-0: Fielders Choice at 2nd, 4-6 (Groundball, 4M)
Batting: RHB Jeremy Day 0-0: Ball
1-0: Swinging Strike
1-1: Ball
2-1: Foul Ball, location: 2F
2-2: Foul Ball, location: 2F
2-2: Ball
3-2: Base on Balls
Garth Gallegos to second
Batting: RHB Andrés Padilla 0-0: Fly out, F6 (Line Drive, 6)
Top of the 9th over - 0 runs, 1 hit, 0 errors, 2 left on base; Connecticut 0 - Oregon State 7
Saturday, April 7th, 2018 - OOTP Baseball 18.8 Build 76